 Dungeon Crawl Stone Soup version 0.30-a0-772-g5528072125 (webtiles) character file.

Game seed: 3660344228961598681

17549 AzureAlchemist the Grappler (level 12, -2/122 HPs)
             Began as a Troll Fighter on Feb 12, 2023.
             Was a Plaything of Xom.
             Slain by a 12-headed hydra (11 damage)
             ... on level 2 of the Lair of Beasts.
             The game lasted 00:46:36 (11124 turns).

AzureAlchemist the Grappler (Troll Fighter)        Turns: 11124, Time: 00:46:37

Health: -2/122     AC: 11    Str: 27      XL:     12   Next: 19%
Magic:  12/15      EV: 12    Int:  9 (10) God:    Xom [..*...]
Gold:   2099       SH:  0    Dex:  9      Spells: 14/17 levels left

rFire   . . .      SeeInvis +      - Unarmed
rCold   . . .      Faith    .    (no shield)
rNeg    . . .      Spirit   .    u - +0 steam dragon scales
rPois   +          Reflect  .    L - +2 hat of Joy {Will+ Int+4}
rElec   +          Harm     .    B - scarf {repulsion}
rCorr   +          Rampage  .    (gloves unavailable)
Will    ++...                    (boots unavailable)
Stlth   +                        w - amulet of the acrobat
HPRegen 1.20/turn                (no ring)
MPRegen 0.14/turn                l - ring "Teifuwidgh" {Contam Fly rElec rPois rCorr}

@: freezing walls, flying, repel missiles
A: large, unfitting armour, claws 3, regeneration 1, shaggy fur 1, tough skin 1,
horns 1, iridescent scales 1, see invisible, clumsy 1, deterioration 2,
strong-willed 1, electricity resistance
a: Renounce Religion


You were on level 2 of the Lair of Beasts.
You worshipped Xom.
You were a toy of Xom.
You visited 3 branches of the dungeon, and saw 14 of its levels.
You also visited: Bailey.

You collected 2099 gold pieces.

Inventory:

Hand Weapons
 b - the +10 shortbow of Cheibriados's Pride {heavy, rC- Str+2 Dex+3 Stlth+}
   (You found it in a bailey)

   Str:       It affects your strength (+2).
   Dex:       It affects your dexterity (+3).
   rC:        It makes you vulnerable to cold.
   Stlth:     It makes you more stealthy.
Missiles
 v - 39 poisoned darts (quivered)
 D - 5 large rocks
 E - 7 curare-tipped darts
Armour
 u - +0 steam dragon scales (worn)
 y - a +2 robe of cold resistance
 B - a scarf of repulsion (worn)
 L - the +2 hat of Joy (worn) {Will+ Int+4}
   (You acquired it in a bailey)

   Int:       It affects your intelligence (+4).
   Will:      It increases your willpower.
Jewellery
 c - an amulet of magic regeneration
 l - the ring "Teifuwidgh" (right claw) {Contam Fly rElec rPois rCorr}
   (You found it on level 8 of the Dungeon)

   [ring of poison resistance]

   rElec:     It insulates you from electricity.
   rPois:     It protects you from poison.
   Fly:       It grants you flight.
   Contam:    It causes magical contamination when unequipped.
   rCorr:     It protects you from acid and corrosion.
 p - a ring of ice
 w - an amulet of the acrobat (around neck)
Wands
 f - a wand of polymorph (14)
 h - a wand of light (16)
 o - a wand of flame (32)
 C - a wand of digging (5)
 F - a wand of charming (4)
Scrolls
 a - 3 scrolls of enchant armour
 d - a scroll of vulnerability
 j - 2 scrolls of teleportation
 n - a scroll of immolation
 r - 3 scrolls of magic mapping
 t - 5 scrolls of blinking
 z - 3 scrolls of amnesia
 A - a scroll of enchant weapon
 G - 2 scrolls of fear
 I - 2 scrolls of poison
 J - 2 scrolls of fog
Potions
 e - 5 potions of heal wounds
 g - 6 potions of curing
 i - 2 potions of haste
 k - 3 potions of mutation
 m - 5 potions of brilliance
 q - 3 potions of ambrosia
 s - 2 potions of might
 x - a potion of attraction {unknown}
 H - 3 potions of lignification
 K - a potion of berserk rage
Miscellaneous
 M - a tin of tremorstones (2/2)


   Skills:
 + Level 8.4 Fighting
 + Level 8.4 Dodging
 - Level 2.6 Shields
 + Level 11.2 Unarmed Combat
 - Level 3.0 Spellcasting
 - Level 7.0 Ice Magic


You had 14 spell levels left.
You knew the following spells:

 Your Spells              Type           Power      Damage    Failure   Level
a - Frozen Ramparts       Ice            26%        1d4       4%          3

Your spell library contained the following spells:

 Spells                   Type           Power      Damage    Failure   Level
 Beastly Appendage        Tmut           2%         N/A       30%         1
 Wereblood                Tmut           1%         N/A       41%         2
 Ice Form                 Ice/Tmut       7%         N/A       56%         4
 Summon Ice Beast         Ice/Summ       7%         N/A       56%         4
 Ignite Poison            Fire/Tmut/Pois 1%         N/A       65%         3
 Spider Form              Tmut/Pois      1%         N/A       65%         3
 Animate Armour           Summ/Erth      2%         N/A       96%         4
 Sticky Flame             Conj/Fire      1%         2d3       96%         4
 Blade Hands              Tmut           0%         N/A       100%        5
 Iron Shot                Conj/Erth      0%         9d1       100%        6
 Ignition                 Fire           0%         3d3       100%        8


Dungeon Overview and Level Annotations

Branches:
Dungeon (10/15)            Temple (1/1) D:5            Lair (3/5) D:9
 Spider (0/4) Lair:3          Orc (0/2) D:10         Bailey (visited)
  Swamp: Lair:2-3    Shoals: Lair:2-3

Altars:
Ashenzari
Cheibriados
Dithmenos
Elyvilon
Fedhas
Gozag
Hepliaklqana
Kikubaaqudgha
Makhleb
Nemelex Xobeh
Okawaru
Qazlal
Ru
Sif Muna
Trog
Uskayaw
Vehumet
Wu Jian
Xom
Yredelemnul
Zin
The Shining One

Shops:
D:7 *

Annotations:
D:4 3 runed translucent doors, exclusion: 3 doors, TheSexyCheese's ghost, amateur HOFi
D:8 3 runed translucent doors, exclusion: 3 doors, themarg's ghost, novice HOFi
D:9 2 transporters
Lair:1 2 transporters, jlumianski's ghost, journeyman DsFi


Innate Abilities, Weirdness & Mutations

You are too large for most types of armour.
You have claws for hands.
Your natural rate of healing is unusually fast.
You are covered in fur. (AC +1)
You have tough skin. (AC +1)
You have a pair of small horns on your head.
You are partially covered in iridescent scales. (AC +2)
You have supernaturally acute eyesight. (SInv)
You are clumsy. (Dex -2)
Your body often deteriorates upon taking damage.
You are strong-willed. (Will+)
You are resistant to electric shocks. (rElec)


Message History

The eight-headed hydra barely misses you.
You claw one of the eight-headed hydra's heads off!
The seven-headed hydra grows two more!
You claw the nine-headed hydra! You headbutt the nine-headed hydra.
The nine-headed hydra is moderately wounded.
Xom makes a sudden noise!
You hear a flourish of trumpets!
You rip one of the nine-headed hydra's heads off!
The eight-headed hydra grows two more!
You claw the ten-headed hydra!
Your headbutt misses the ten-headed hydra.
The ten-headed hydra is moderately wounded.
The wall freezes the ten-headed hydra!
The ten-headed hydra seems to slow down.
The ten-headed hydra closely misses you. x2
The ten-headed hydra bites you. x2
The ten-headed hydra closely misses you.
The ten-headed hydra barely misses you. The ten-headed hydra misses you.
The ten-headed hydra completely misses you.
The ten-headed hydra bites you! x2
You tear one of the ten-headed hydra's heads off!
The nine-headed hydra grows two more!
You mangle the 11-headed hydra!!
Your headbutt misses the 11-headed hydra.
The 11-headed hydra is severely wounded.
You rip one of the 11-headed hydra's heads off!
The ten-headed hydra grows two more!
You mangle the 12-headed hydra!!
The 12-headed hydra is almost dead.
The wall freezes the 12-headed hydra.
The 12-headed hydra bites you.
* * * LOW HITPOINT WARNING * * *
The 12-headed hydra bites you but does no damage.
The 12-headed hydra misses you. The 12-headed hydra bites you.
* * * LOW HITPOINT WARNING * * *
The 12-headed hydra bites you but does no damage.
The 12-headed hydra bites you!
* * * LOW HITPOINT WARNING * * *
The 12-headed hydra bites you.
* * * LOW HITPOINT WARNING * * *
The 12-headed hydra bites you but does no damage.
The 12-headed hydra bites you!
* * * LOW HITPOINT WARNING * * *
The 12-headed hydra bites you!
You die...

..............(..~~~PPP~~~~~.....
................#~~..P.....~~..#.
..............................##.
..............................##.
...............#...#..#.#.....#..
............)....................
###.##...........................
#####....P#..#.#...##.##...####P#
................@###.......P#.###
................#D.............[.
................#.>........##...#
..........P..####.....###...#..##
..........#P## ##..#####...##..P
.........?###### #...##P...###+.#
..........#..#.###...#.....###..#
.................##...#...#...8..
..................#...#...#.....#


You could see a 12-headed hydra (slow).

Vanquished Creatures
  An ice dragon (Lair:1)
  3 oklob plants (Lair:2)
  An orc sorcerer (Bailey)
  A cyclops (D:8)
  A black mamba (Lair:2)
  A torpor snail (Lair:2)
  2 cane toads (Lair:1)
  2 unseen horrors (D:10)
  A kobold demonologist (Bailey)
  7 komodo dragons
  A troll (D:8)
  2 hornets
  Grinder (D:3)
  Prince Ribbit (D:7)
  Sigmund (D:3)
  3 wyverns
  3 basilisks (Lair:1)
  18 yaks
  Grum (D:10)
  4 steam dragons
  An acid dragon (D:10)
  7 water moccasins
  11 orc warriors
  2 sky beasts (D:8)
  An ogre (D:4)
  3 black bears
  A boggart (D:8)
  3 centaurs
  10 wolves
  A phantom (D:6)
  5 kobold brigands
  A gnoll sergeant (D:9)
  4 bullfrogs
  A scorpion (D:5)
  3 necrophages
  4 wights
  4 killer bees (D:8)
  10 electric eels
  A howler monkey (D:10)
  A jelly (D:5)
  4 hounds
  3 orc priests
  3 gnoll boudas
  3 iguanas (D:5)
  8 orc wizards
  8 adders
  23 gnolls
  A shadow imp (D:5)
  3 white imps
  An ufetubus (D:4)
  A dart slug (D:2)
  44 orcs
  5 ball pythons
  3 endoplasms
  2 giant cockroaches
  7 goblins
  18 hobgoblins
  36 kobolds
  3 quokkas
  8 bats
  A frilled lizard (D:1)
  3 rats
317 creatures vanquished.

Vanquished Creatures (others)
  An orc priest (D:9)
  2 orcs (D:9)
  A quokka (D:5)
  5 fungi
  48 plants
57 creatures vanquished.

Grand Total: 374 creatures vanquished

Notes
Turn   | Place    | Note
-------+----------+-------------------------------------------
     0 | D:1      | AzureAlchemist the Troll Fighter began the quest for the
                  | Orb.
     0 | D:1      | Reached XP level 1. HP: 22/22 MP: 0/0
   510 | D:1      | Reached XP level 2. HP: 29/29 MP: 1/1
   809 | D:2      | Reached skill level 3 in Unarmed Combat
   947 | D:2      | Found an opulent altar of Gozag.
   966 | D:2      | Reached XP level 3. HP: 36/36 MP: 2/2
  1398 | D:3      | Reached skill level 4 in Unarmed Combat
  1695 | D:3      | Noticed Sigmund
  1703 | D:3      | Killed Sigmund
  1704 | D:3      | Reached skill level 5 in Unarmed Combat
  1704 | D:3      | Reached XP level 4. HP: 39/44 MP: 3/3
  1704 | D:3      | Reached XP level 5. HP: 44/50 MP: 4/4
  1916 | D:3      | Reached skill level 6 in Unarmed Combat
  2251 | D:4      | Noticed Grinder
  2260 | D:3      | Killed Grinder
  2261 | D:3      | Reached XP level 6. HP: 54/61 MP: 5/5
  2301 | D:4      | Found a sacrificial altar of Ru.
  2346 | D:4      | Found a runed translucent gate.
  2347 | D:4      | Found a runed translucent gate.
  2347 | D:4      | Found a runed translucent gate.
  2352 | D:4      | Noticed TheSexyCheese's ghost (amateur HOFi)
  2360 | D:4      | Reached XP level 7. HP: 67/67 MP: 6/6
  3068 | D:5      | Entered Level 5 of the Dungeon
  3183 | D:5      | Reached skill level 7 in Unarmed Combat
  3245 | D:5      | Found a staircase to the Ecumenical Temple.
  3273 | Temple   | Entered the Ecumenical Temple
  3328 | Temple   | Became a worshipper of Xom of Chaos
  3448 | D:5      | Reached XP level 8. HP: 19/78 MP: 7/7
  3529 | D:5      | XOM: divination: detect items
  3536 | D:5      | Found a white marble altar of Elyvilon.
  3571 | D:5      | XOM: potion effect (brilliance)
  4081 | D:2      | XOM: give mutation
  4081 | D:2      | Gained mutation: You are partially covered in iridescent
                  | scales. (AC +2) [Xom's grace]
  4285 | D:6      | XOM: god gift: 12 gold pieces
  4312 | D:6      | XOM: give mutations
  4312 | D:6      | Gained mutation: You have supernaturally acute eyesight.
                  | (SInv) [Xom's grace]
  4312 | D:6      | Gained mutation: You have large cloven feet. [Xom's grace]
  4313 | D:6      | XOM: smoke on damage
  4460 | D:6      | Reached skill level 5 in Fighting
  4605 | D:6      | Reached skill level 5 in Dodging
  4605 | D:6      | Reached skill level 8 in Unarmed Combat
  4651 | D:6      | XOM: torment (41/80 hp)
  4712 | D:6      | XOM: polymorph scorpion -> wyvern
  4827 | D:6      | XOM: silly message
  4833 | D:6      | Reached XP level 9. HP: 75/88 MP: 8/8
  4983 | D:6      | XOM: noise
  5252 | D:7      | XOM: swap monsters
  5472 | D:7      | XOM is BORED!
  5472 | D:7      | XOM: summons 5 hostile demons
  5492 | D:7      | Reached skill level 9 in Unarmed Combat
  5515 | D:7      | Found a bloodstained altar of Trog.
  5590 | D:7      | Found Zin's Purification Station.
  5593 | D:7      | Found a glowing silver altar of Zin.
  5614 | D:7      | XOM: silly message
  5687 | D:7      | Identified a scroll of acquirement
  5687 | D:7      | Acquired 1079 gold pieces
  5720 | D:7      | Noticed Prince Ribbit
  5730 | D:7      | Killed Prince Ribbit
  5797 | D:7      | Found a burning altar of Makhleb.
  5804 | D:7      | XOM: noise
  5936 | D:7      | XOM: give mutations
  5936 | D:7      | Gained mutation: Your body sometimes deteriorates upon
                  | taking damage. [Xom's mischief]
  5936 | D:7      | Gained mutation: You are resistant to electric shocks.
                  | (rElec) [Xom's mischief]
  5936 | D:7      | Lost mutation: You have large cloven feet. [Xom's mischief]
  5936 | D:7      | Gained mutation: You are clumsy. (Dex -2) [Xom's mischief]
  5948 | D:8      | Identified the ring "Teifuwidgh" {Contam Fly rElec rPois
                  | rCorr}
  6028 | D:8      | XOM: stat loss: -1 Dex (8/9)
  6034 | D:8      | XOM: polymorph gnoll -> boggart
  6084 | D:8      | Noticed a troll
  6086 | D:8      | XOM: chaos upgrade
  6096 | D:8      | Killed a troll
  6103 | D:8      | Reached XP level 10. HP: 58/99 MP: 9/9
  6220 | D:8      | Noticed a cyclops
  6232 | D:8      | Killed a cyclops
  6233 | D:8      | Reached skill level 10 in Unarmed Combat
  6286 | D:8      | Learned a level 3 spell: Frozen Ramparts
  6392 | D:8      | Noticed a nine-headed hydra
  6392 | D:8      | Noticed themarg's ghost (novice HOFi)
  6393 | D:8      | Found a runed translucent gate.
  6393 | D:8      | Found a runed translucent gate.
  6393 | D:8      | Found a runed translucent gate.
  6662 | D:8      | Reached skill level 1 in Ice Magic
  6824 | D:9      | Found an iron altar of Okawaru.
  6830 | D:9      | Found a transporter.
  6841 | D:9      | XOM: blink monster(s)
  6849 | D:9      | Noticed a fire crab
  6897 | D:9      | XOM: 1-stop teleportation journey
  6909 | D:9      | XOM: confusion
  7010 | D:9      | Found a staircase to the Lair.
  7067 | D:9      | XOM: summons 3 hostile shadow creatures
  7075 | D:9      | XOM: swap monsters
  7149 | D:9      | Found a transporter.
  7151 | D:9      | Noticed an orc high priest
  7246 | D:9      | Identified the +8 short sword "Oxtublug" {flame, rF+ MP+9
                  | Int+3}
  7263 | D:9      | Found a basalt altar of Yredelemnul.
  7412 | D:10     | Entered Level 10 of the Dungeon
  7418 | D:10     | XOM: noise
  7506 | D:10     | Found a flagged portal.
  7521 | Bailey   | Entered a bailey
  7572 | Bailey   | XOM: 1-stop teleportation journey
  7642 | Bailey   | XOM: polymorph gnoll -> wolf
  7654 | Bailey   | Reached skill level 5 in Ice Magic
  7689 | Bailey   | Reached skill level 1 in Spellcasting
  7781 | Bailey   | XOM: 4-stop teleportation journey
  7827 | Bailey   | Found an iron altar of Okawaru.
  7827 | Bailey   | Noticed an orc sorcerer
  7828 | Bailey   | Noticed a soul eater
  7835 | Bailey   | XOM: draining
  7852 | Bailey   | Noticed a smoke demon
  7852 | Bailey   | Killed an orc sorcerer
  7853 | Bailey   | Reached XP level 11. HP: 100/100 MP: 11/13
  7899 | Bailey   | Identified the +10 shortbow of Cheibriados's Pride {heavy,
                  | rC- Str+2 Dex+3 Stlth+}
  8107 | Bailey   | XOM: silly message
  8124 | Bailey   | XOM: give mutation
  8124 | Bailey   | Gained mutation: Your body often deteriorates upon taking
                  | damage. [Xom's mischief]
  8183 | Bailey   | Acquired the +2 hat of Joy {Will+ Int+4}
  8473 | D:10     | Found a staircase to the Orcish Mines.
  8570 | D:10     | Noticed Grum
  8581 | D:10     | Killed Grum
  8635 | D:10     | XOM: 1-stop teleportation journey
  9065 | D:9      | XOM: cloud trail
  9074 | Lair:1   | Entered Level 1 of the Lair of Beasts
  9099 | Lair:1   | Noticed a boulder beetle
  9105 | Lair:1   | a boulder beetle changed into an ice dragon
  9105 | Lair:1   | Noticed an ice dragon
  9105 | Lair:1   | XOM: polymorph boulder beetle -> ice dragon
  9108 | Lair:1   | XOM: scenery: create altars
  9116 | Lair:1   | Killed an ice dragon
  9235 | Lair:1   | XOM: confuse monster(s)
  9415 | Lair:1   | XOM: cleaving
  9416 | Lair:1   | XOM: cleaving
  9422 | Lair:1   | XOM: fog
  9497 | Lair:1   | Found an ornate altar of the Wu Jian Council.
  9727 | Lair:1   | XOM: destruction
  9766 | Lair:1   | Identified the +2 robe of Xehup {Contam rPois Int+5}
  9816 | Lair:1   | Noticed jlumianski's ghost (journeyman DsFi)
  9827 | Lair:1   | Found a transporter.
  9832 | Lair:1   | Found a transporter.
 10080 | Lair:2   | XOM: fake destruction
 10082 | Lair:2   | XOM: god gift: staff of cold
 10143 | Lair:2   | Reached XP level 12. HP: 102/119 MP: 12/15
 10209 | Lair:2   | Reached skill level 11 in Unarmed Combat
 10237 | Lair:2   | XOM: confuse monster(s)
 10286 | Lair:2   | Identified the +2 robe "Vapiduan" {Int+3} (Xom gifted it to
                  | you on level 2 of the Lair of Beasts)
 10286 | Lair:2   | XOM: god gift: +2 robe "Vapiduan" {Int+3}
 10304 | Lair:2   | XOM: give mutations
 10304 | Lair:2   | Gained mutation: You have a pair of small horns on your
                  | head. [Xom's grace]
 10304 | Lair:2   | Gained mutation: You are strong-willed. (Will+) [Xom's
                  | grace]
 10324 | Lair:2   | XOM: enchant monster (bad)
 10521 | Lair:2   | XOM: summons 7 hostile demons
 10961 | Lair:2   | XOM: scenery: create altars
 11059 | Lair:2   | XOM: scenery: summon butterflies
 11079 | Lair:3   | Found a hole to the Spider Nest.
 11079 | Lair:3   | XOM: cast spell 'Summon Horrible Things'
 11115 | Lair:3   | Noticed an eight-headed hydra
 11121 | Lair:2   | XOM: noise
 11124 | Lair:2   | Slain by a 12-headed hydra

Illustrated notes

Levels and vault maps discovered:
D:1:      roderic_crop_circles_arrival_small, layout_loops_cross
D:2:      layout_loops_ring, basic_altar, kennysheep_generic_room_4
D:3:      layout_basic, uniq_sigmund
D:4:      layout_loops_ring, nicolae_ru_awakened_eye, gammafunk_ghost_split,
          uniq_grinder
D:5:      layout_loops_ring, elyvilon_altar_4, minmay_temple_entry_grid,
          chequers_serial_rivers_large_a
D:6:      layout_gridville
D:7:      layout_rooms, trog_book, lightli_temple_of_fire, zin_purify,
          uniq_prince_ribbit1
D:8:      layout_loops_ring, gammafunk_ghost_hydra_chop,
          minmay_chambers_of_fives
D:9:      gammafunk_wand_slinger, layout_rooms,
          mainiacjoe_overflow_catch_the_wave, dpeg_oklobed_lair
D:10:     layout_stronghold, orc_0_dummy, enter_bailey_2, chequers_big_river,
          uniq_grum
Temple:   hellmonk_temple_of_storms
Lair:1:   layout_misc_corridors, gammafunk_ghost_hive, basic_altar,
          serial_bayou_lagoon_b
Lair:2:   minmay_lair_oklob_chamber, layout_long_grid, serial_bayou_shore_b,
          serial_bayou_shore_a, grunt_megastairs_4
Lair:3:   layout_chaotic_city, skrybe_swamp_entry_bodies,
          hellmonk_spider_entry_not_the_bees, st_stairs_10,
          infiniplex_staircase_pool

Skill      XL: |  1  2  3  4  5  6  7  8  9 10 11 12 |
---------------+-------------------------------------+-----
Unarmed Combat | 3 5 6 7 8 9 10 11 | 11.2
Fighting       | 3 4 5 6 7 8 |  8.4
Dodging        | 3 4 5 6 7 8 |  8.4
Ice Magic      | 5 7 |  7.0
Spellcasting   | 2 3 |  3.0
Shields        | |  2.6

Action                     |  1- 3 |  4- 6 |  7- 9 | 10-12 || total
---------------------------+-------+-------+-------+-------++-------
  Melee: Unarmed           |    92 |    32 |   307 |   505 ||   936
         Punch             |       |     3 |    15 |    44 ||    62
         Kick              |       |       |    35 |       ||    35
         Headbutt          |       |       |       |     5 ||     5
   Fire: Shortbow          |       |       |       |    66 ||    66
  Throw: Dart              |       |       |     2 |     4 ||     6
   Cast: Frozen Ramparts   |       |       |       |    11 ||    11
  Evoke: Wand              |       |       |     1 |     1 ||     2
    Use: Scroll            |     8 |     1 |     9 |     6 ||    24
         Potion            |     1 |       |     1 |     1 ||     3
   Stab: Sleeping          |     1 |       |     1 |       ||     2
 Armour: Robe              |    28 |     9 |    27 |       ||    64
         Steam dragon scal |       |       |   102 |   136 ||   238
  Dodge: Dodged            |    22 |    15 |   163 |   292 ||   492
         Repelled          |       |       |       |     5 ||     5
  Block: Kite shield       |    38 |     4 |       |       ||    42

Table legend: (Time is in decaauts)
 A = Elapsed time spent in this place.
 B = Non-inter-level travel time spent in this place.
 C = Inter-level travel time spent in this place.
 D = Time resting spent in this place.
 E = Time spent auto-exploring this place.
 F = Levels seen in this place.
 G = Mean time per level.
                   A        B        C        D        E       F      G
               +--------+--------+--------+--------+--------+-----+--------+
         Total |  11049 |  10410 |    639 |    490 |   7196 |  15 |  736.6 |
       Dungeon |   8247 |   7692 |    555 |    309 |   5542 |  10 |  824.7 |
        Temple |     70 |     55 |     15 |      0 |     22 |   1 |   70.0 |
          Lair |   2038 |   1970 |     68 |     98 |   1309 |   3 |  679.3 |
        Bailey |    692 |    692 |      0 |     83 |    323 |   1 |  692.0 |
               +--------+--------+--------+--------+--------+-----+--------+

Top non-repeatable levels by time:
  Lair:2: 1111 daAuts
     D:6: 1003 daAuts
     D:8: 962 daAuts
    D:10: 958 daAuts
  Lair:1: 921 daAuts
     D:5: 916 daAuts
     D:3: 914 daAuts
     D:4: 864 daAuts
     D:1: 810 daAuts
  Bailey: 692 daAuts
     D:7: 671 daAuts
     D:2: 625 daAuts
     D:9: 521 daAuts
  Temple: 70 daAuts
  Lair:3: 5 daAuts
